 Dungeon Crawl Stone Soup version 0.25-a0-701-gb30f108f01 (webtiles) character file.

Game seed: 14042524473407238931, levelgen mode: deterministic

211 Mgcat the Grave Robber (level 5, -9/35 HPs)
             Began as a Vampire Necromancer on Apr 2, 2020.
             Mangled by an ogre
             ... wielding a +0 giant club
              (13 damage)
             ... on level 6 of the Dungeon on Apr 3, 2020.
             The game lasted 00:09:28 (2817 turns).

Mgcat the Grave Robber (Vampire Necromancer)        Turns: 2817, Time: 00:09:28

Health: -9/35      AC:  4    Str:  7    XL:     5   Next: 57%
Magic:  1/9        EV: 12    Int: 18    God:
Gold:   134        SH:  4    Dex: 15    Spells: 8/10 levels left

rFire    . . .     SeeInvis +   b - +0 club
rCold    . . .     Gourm    .   n - +0 buckler
rNeg     . . .     Faith    .   a - +0 robe
rPois    .         Spirit   .   (no helmet)
rElec    .         Reflect  .   (no cloak)
rCorr    .         Harm     .   s - +0 pair of gloves
MR       .....                  m - +0 pair of boots
Stlth    +++.......             (no amulet)
HPRegen  0.31/turn              (no ring)
MPRegen  0.11/turn              (no ring)

@: regenerating quickly
A: no food, fangs 3, see invisible, unbreathing
a: Exsanguinate


You were on level 6 of the Dungeon.
You were alive.

You visited 1 branch of the dungeon, and saw 4 of its levels.

You collected 134 gold pieces.

Inventory:

Hand Weapons
 b - a +0 club (weapon)
   (You took it off a goblin on level 1 of the Dungeon)
 i - a cursed -3 dagger
   (You took it off a kobold on level 2 of the Dungeon)
Armour
 a - a +0 robe (worn)
 m - a +0 pair of boots (worn)
   (You found it on level 2 of the Dungeon)
 n - a +0 buckler (worn)
   (You found it on level 2 of the Dungeon)
 s - a +0 pair of gloves (worn)
   (You found it on level 3 of the Dungeon)
Scrolls
 c - a scroll of immolation {unknown}
 g - a scroll of remove curse {unknown}
 h - a scroll of magic mapping {unknown}
 k - 2 scrolls of fear {unknown}
 l - 2 scrolls of teleportation
 o - a scroll of fog
 p - 2 scrolls of identify {unknown}
 r - a scroll of amnesia {unknown}
Potions
 d - 2 potions of brilliance {unknown}
 e - 4 potions of cancellation {unknown}
 f - 2 potions of degeneration {unknown}
 j - 2 potions of curing {unknown}
 q - a potion of lignification {unknown}
 t - a potion of magic {unknown}


   Skills:
 - Level 2.1 Dodging
 - Level 5.4 Stealth
 + Level 1.6 Shields
 + Level 3.3 Spellcasting
 + Level 5.4 Necromancy


You had 8 spell levels left.
You knew the following spells:

 Your Spells              Type           Power        Failure   Level  Hunger
a - Pain                  Necr           ###.         2%          1    N/A
b - Animate Skeleton      Necr           N/A          2%          1    N/A

Your spell library contained the following spells:

 Spells                   Type           Power        Failure   Level  Hunger
 Vampiric Draining        Necr           ###.......   7%          3    N/A
 Animate Dead             Necr           N/A          22%         4    N/A
 Agony                    Necr           ###.....     52%         5    N/A

Dungeon Overview and Level Annotations

Branches:
Dungeon (3/15)

Altars:
Qazlal


Innate Abilities, Weirdness & Mutations

You do not eat.
Your natural rate of healing is unusually fast.
You have razor-sharp teeth.
You have supernaturally acute eyesight. (SInv)
You can survive without breathing.


Message History

Lua error: [string "/dgldir/rcfiles/crawl-git/Mgcat.rc"]:930: invalid capture index
Casting: Pain (safe; 2% risk of failure)
Confirm with . or Enter, or press ? or * to list all spells.
You can't see any susceptible monsters within range! (Use Z to cast anyway.) Spoiler Alert: The ogre (sleeping) can hit for high damage in melee!
Lua error: [string "/dgldir/rcfiles/crawl-git/Mgcat.rc"]:930: invalid capture index
Casting: Pain (safe; 2% risk of failure)
Confirm with . or Enter, or press ? or * to list all spells.
Aiming: Pain (safe; 2% risk of failure)
Press: ? - help, Shift-Dir - straight line, f - ogre
Aim: an ogre, wielding a +0 giant club (resting, chance to defeat MR: 81%)
The ogre shouts!
The ogre writhes in agony.
You hear a loud, deep croak!
You take 1 damage, and have 34/35 hp.
You now have 8/9 mp.
Spoiler Alert: The ogre can hit for high damage in melee!
Casting: Pain (safe; 2% risk of failure)
Confirm with . or Enter, or press ? or * to list all spells.
Aiming: Pain (safe; 2% risk of failure)
Press: ? - help, Shift-Dir - straight line, f/p - ogre
Aim: an ogre, wielding a +0 giant club (lightly wounded, chance to defeat MR: 81%)
The ogre barely resists.
You now have 7/9 mp.
Spoiler Alert: The ogre can hit for high damage in melee!
Casting: Pain (safe; 2% risk of failure)
Confirm with . or Enter, or press ? or * to list all spells.
Aiming: Pain (safe; 2% risk of failure)
Press: ? - help, Shift-Dir - straight line, f/p - ogre
Aim: an ogre, wielding a +0 giant club (lightly wounded, chance to defeat MR: 81%)
The ogre writhes in agony.
You take 1 damage, and have 33/35 hp.
You now have 6/9 mp.
Spoiler Alert: The ogre can hit for high damage in melee!
Casting: Pain (safe; 2% risk of failure)
Confirm with . or Enter, or press ? or * to list all spells.
Aiming: Pain (safe; 2% risk of failure)
Press: ? - help, Shift-Dir - straight line, f/p - ogre
Aim: an ogre, wielding a +0 giant club (lightly wounded, chance to defeat MR: 81%)
The ogre writhes in agony.
You take 1 damage, and have 32/35 hp.
You now have 5/9 mp.
Spoiler Alert: The ogre can hit for high damage in melee!
Casting: Pain (safe; 2% risk of failure)
Confirm with . or Enter, or press ? or * to list all spells.
Aiming: Pain (safe; 2% risk of failure)
Press: ? - help, Shift-Dir - straight line, f/p - ogre
Aim: an ogre, wielding a +0 giant club (lightly wounded, chance to defeat MR: 81%)
The ogre writhes in agony.
You take 1 damage, and have 31/35 hp.
You now have 4/9 mp.
Spoiler Alert: The ogre can hit for high damage in melee!
You swap places.
The ogre closely misses your adder skeleton.
What are your orders? t - Shout!
Orders for allies: a - Attack new target. p - Attack previous target. r - Retreat! s - Stop attacking. g - Guard the area. f - Follow me.
Anything else - Cancel.
Guard this area!
The ogre hits your adder skeleton with a +0 giant club!!
Your adder skeleton is destroyed!
Spoiler Alert: The ogre can hit for high damage in melee!
Casting: Pain (safe; 2% risk of failure)
Confirm with . or Enter, or press ? or * to list all spells.
Aiming: Pain (safe; 2% risk of failure)
Press: ? - help, Shift-Dir - straight line, f/p - ogre
Aim: an ogre, wielding a +0 giant club (moderately wounded, chance to defeat MR: 81%)
The ogre writhes in agony.
You take 1 damage, and have 33/35 hp.
You now have 4/9 mp.
Spoiler Alert: The ogre can hit for high damage in melee!
Casting: Pain (safe; 2% risk of failure)
Confirm with . or Enter, or press ? or * to list all spells.
Aiming: Pain (safe; 2% risk of failure)
Press: ? - help, Shift-Dir - straight line, f/p - ogre
Aim: an ogre, wielding a +0 giant club (moderately wounded, chance to defeat MR: 81%)
The ogre writhes in agony.
The ogre hits you with a +0 giant club!
You take 10 damage, and have 23/35 hp.
MASSIVE DAMAGE!!
You now have 3/9 mp.
Spoiler Alert: The ogre can hit for high damage in melee!
Casting: Pain (safe; 2% risk of failure)
Confirm with . or Enter, or press ? or * to list all spells.
Aiming: Pain (safe; 2% risk of failure)
Press: ? - help, Shift-Dir - straight line, f/p - ogre
Aim: an ogre, wielding a +0 giant club (moderately wounded, chance to defeat MR: 81%)
The ogre writhes in agony.
The ogre hits you with a +0 giant club!
* * * LOW HITPOINT WARNING * * *
You take 18 damage, and have 5/35 hp.
MASSIVE DAMAGE!!
You now have 2/9 mp.
Spoiler Alert: The ogre can hit for high damage in melee!
Casting: Pain (safe; 2% risk of failure)
Confirm with . or Enter, or press ? or * to list all spells.
Aiming: Pain (safe; 2% risk of failure)
Press: ? - help, Shift-Dir - straight line, f/p - ogre
Aim: an ogre, wielding a +0 giant club (heavily wounded, chance to defeat MR: 81%)
The ogre writhes in agony.
You take 1 damage, and have 4/35 hp.
You now have 1/9 mp.
Spoiler Alert: The ogre can hit for high damage in melee!
Casting: Pain (safe; 2% risk of failure)
Confirm with . or Enter, or press ? or * to list all spells.
Aiming: Pain (safe; 2% risk of failure)
Press: ? - help, Shift-Dir - straight line, f/p - ogre
Aim: an ogre, wielding a +0 giant club (heavily wounded, chance to defeat MR: 81%)
The ogre writhes in agony.
The ogre hits you with a +0 giant club!
You die...

#.#. ..... #...... .#.
##..# #...... ...# #..#
#...=.. #.. #..# #......
#..######..# #...... #
#......##..# #...... #.
#.....#...######......
.##.##.....#.............
..........@O..#######....
............#.# .
............#..#
....#..%.......# ...
#......#.....
............#.....
####...##.....#..
#....#..#.....#
#............


You could see an ogre.

Vanquished Creatures
  An orc priest (D:3)
  An adder (D:6)
  3 worms
  2 dart slugs (D:3)
  2 leopard geckos (D:1)
  3 orcs (D:3)
  8 bats
  6 giant cockroaches
  2 goblins
  5 hobgoblins
  6 jackals
  A quokka (D:3)
  3 ball pythons
  2 frilled lizards (D:1)
  6 kobolds
  4 rats
55 creatures vanquished.

Vanquished Creatures (collateral kills)
  A black bear (D:6)
  A centaur skeleton (D:3)
  An orc (D:3)
  A giant cockroach (D:1)
  2 rats
6 creatures vanquished.

Grand Total: 61 creatures vanquished

Notes
Turn   | Place    | Note
-------+----------+-------------------------------------------
     0 | D:1      | Mgcat the Vampire Necromancer began the quest for the Orb.
     0 | D:1      | Reached XP level 1. HP: 13/13 MP: 3/3
   156 | D:1      | Reached XP level 2. HP: 19/19 MP: 3/5
   159 | D:1      | Learned a level 1 spell: Animate Skeleton
   187 | D:1      | Upgraded the game from 0.25-a0-700-g7f8a7979f0 to
                  | 0.25-a0-701-gb30f108f01
   471 | D:1      | HP: 4/19 [leopard gecko (3)]
   473 | D:1      | HP: 1/19 [leopard gecko (3)]
   972 | D:1      | Reached skill level 4 in Stealth
  1012 | D:1      | Reached XP level 3. HP: 19/24 MP: 1/6
  1379 | D:2      | Found a stormy altar of Qazlal.
  2093 | D:3      | HP: 2/24 [worm (5)]
  2367 | D:3      | Reached skill level 5 in Necromancy
  2376 | D:3      | Reached XP level 4. HP: 21/30 MP: 2/8
  2641 | D:3      | Reached skill level 1 in Shields
  2664 | D:3      | Reached skill level 3 in Spellcasting
  2680 | D:3      | You fall into a shaft and drop 3 floors!
  2686 | D:6      | Noticed a bullfrog
  2703 | D:6      | Noticed a black bear
  2713 | D:6      | Killed a black bear
  2713 | D:6      | Reached skill level 5 in Stealth
  2713 | D:6      | Reached XP level 5. HP: 11/35 MP: 1/9
  2797 | D:6      | Noticed an ogre
  2815 | D:6      | HP: 5/35 [ogre/+0 giant club (17)]
  2817 | D:6      | Mangled by an ogre

Levels and vault maps discovered:
D:1:      matt_arrival_grand_opening, layout_loops_ring, nrook_loot_triangle,
          minmay_worlds_worst_comb
D:2:      layout_rooms, nicolae_qazlal_general_emergency
D:3:      layout_basic, minmay_curled_crystal
D:6:      nicolae_whirlpool, layout_rooms, minitemple,
          grunt_temple_overflow_open, basic_altar

Skill      XL: |  1  2  3  4 |
---------------+-------------+-----
Stealth        | 4 5 |  5.4
Necromancy     | 5 |  5.4
Shields        | 1 |  1.6
Spellcasting   | 3 |  3.3
Dodging        | |  2.1

Action                   |  1- 3 |  4- 6 || total
-------------------------+-------+-------++-------
Melee: Unarmed           |     7 |       ||     7
       Bite              |     3 |       ||     3
       Club              |    29 |     8 ||    37
 Cast: Pain              |    96 |    31 ||   127
       Animate Skeleton  |     4 |     6 ||    10
  Use: Scroll            |       |     2 ||     2
 Stab: Sleeping          |     1 |       ||     1
Armor: Robe              |    16 |     3 ||    19
Dodge: Dodged            |    43 |     8 ||    51
Block: Buckler           |     1 |     2 ||     3

Table legend:
 A = Non-vault XP
 B = Vault XP
 C = Vault XP percentage of total XP
 D = Non-vault monster count
 E = Vault monster count
 F = Vault count percentage of total count
                 A         B        C        D         E       F
            +---------+---------+-------+---------+---------+-------
      Total |     294 |       8 |   2.6 |      57 |       4 |   6.6
            +---------+---------+-------+---------+---------+-------
        D:1 |      34 |       8 |  19.0 |      20 |       4 |  16.7
        D:2 |      21 |       0 |   0.0 |      11 |       0 |   0.0
        D:3 |     106 |       0 |   0.0 |      24 |       0 |   0.0
        D:6 |     133 |       0 |   0.0 |       2 |       0 |   0.0
            +---------+---------+-------+---------+---------+-------

Levels and vault maps discovered:
D:1:      matt_arrival_grand_opening, layout_loops_ring, nrook_loot_triangle,
          minmay_worlds_worst_comb
D:2:      layout_rooms, nicolae_qazlal_general_emergency
D:3:      layout_basic, minmay_curled_crystal
D:6:      nicolae_whirlpool, layout_rooms, minitemple,
          grunt_temple_overflow_open, basic_altar

Table legend:
 A = Turns spent in this place as a percentage of turns spent in the entire game.
 B = Non-inter-level travel turns spent in this place as a percentage of non-inter-level travel turns spent in the entire game.
 C = Inter-level travel turns spent in this place as a percentage of turns spent in this place.
 D = Turns resting spent in this place as a percentage of non-inter-level travel turns spent in this place.
 E = Turns spent auto-exploring this place as a percentage of non-inter-level travel turns spent in this place.
 F = Non-inter-level travel turns spent in this place divided by the number of levels of this place that you've seen.
                   A       B       C       D       E      F
               +-------+-------+-------+-------+-------+----------------------
         Total | 100.0 | 100.0 |   3.4 |  17.0 |  60.9 | 680.2
       Dungeon | 100.0 | 100.0 |   3.4 |  17.0 |  60.9 | 680.2
               +-------+-------+-------+-------+-------+----------------------

Table legend:
 A = Kills in this place as a percentage of kills in entire the game.
 B = Kills by you in this place as a percentage of kills by you in the entire game.
 C = Kills by friends in this place as a percentage of kills by friends in the entire game.
 D = Other kills in this place as a percentage of other kills in the entire game.
 E = Experience gained in this place as a percentage of experience gained in the entire game.
 F = Experience gained in this place divided by the number of levels of this place that you have seen.
                   A       B       C       D       E      F
               +-------+-------+-------+-------+-------+----------------------
         Total | 100.0 | 100.0 | 100.0 |   N/A | 100.0 |  75.5
       Dungeon | 100.0 | 100.0 | 100.0 |   N/A | 100.0 |  75.5
               +-------+-------+-------+-------+-------+----------------------
